 Dungeon Crawl Stone Soup version 0.29.1-15-g9cfb28693d (webtiles) character file.

Game seed: 16298555405383275890

44 Heoruswealwe the Caller (level 3, -1/19 HPs)
             Began as a Deep Elf Summoner on Feb 21, 2023.
             Killed from afar by Natasha (7 damage)
             ... with a puff of flame
             ... on level 2 of the Dungeon.
             The game lasted 00:12:57 (754 turns).

Heoruswealwe the Caller (Deep Elf Summoner)          Turns: 754, Time: 00:12:58

Health: -1/19      AC:  3    Str:  4    XL:     3   Next: 39%
Magic:  10/10      EV: 12    Int: 25    God:
Gold:   46         SH:  0    Dex: 14    Spells: 6/10 levels left

rFire   . . .      SeeInvis .   c - +1 mace
rCold   . . .      Faith    .   (no shield)
rNeg    . . .      Spirit   .   a - +0 robe
rPois   .          Reflect  .   (no helmet)
rElec   .          Harm     .   (no cloak)
rCorr   .          Rampage  .   n - +0 pair of gloves
Will    +....                   (no boots)
Stlth   ++........              (no amulet)
HPRegen 0.06/turn               (no ring)
MPRegen 0.12/turn               (no ring)

@: very slightly contaminated, unable to read, unable to drink
A: clever 1, strong-willed 1, inability to drink after injury 1, inability to
read after injury 1
a: no special abilities


You were on level 2 of the Dungeon.
You visited 1 branch of the dungeon, and saw 2 of its levels.

You collected 46 gold pieces.

Inventory:

Hand Weapons
 c - a +1 mace (weapon)
 d - a +0 dagger
 g - a +0 club
 i - a +0 dagger
 j - a +0 dagger
 o - a +0 dagger
 p - a +0 club
 r - a +0 club
 s - a +0 dagger
 u - a +0 hand axe
 v - a +0 dagger
 w - a +0 club
Missiles
 k - 4 stones
 t - 2 throwing nets
Armour
 a - a +0 robe (worn)
 e - a +0 robe
 l - a +0 ring mail
 n - a +0 pair of gloves (worn)
Potions
 b - 2 potions of magic


   Skills:
 - Level 2.4 Dodging
 - Level 2.4 Stealth
 + Level 4.3 Spellcasting
 + Level 5.1 Summonings


You had 6 spell levels left.
You knew the following spells:

 Your Spells              Type           Power      Damage    Failure   Level
a - Summon Small Mammal   Summ           100%       N/A       1%          1
b - Call Canine Familiar  Summ           31%        N/A       3%          3

Your spell library contained the following spells:

 Spells                   Type           Power      Damage    Failure   Level
 Call Imp                 Summ           31%        N/A       1%          2
 Shock                    Conj/Air       20%        1d4       9%          1
 Summon Guardian Golem    Hex/Summ       18%        N/A       10%         3
 Swiftness                Air            5%         N/A       26%         3
 Summon Lightning Spire   Summ/Air       18%        N/A       30%         4
 Airstrike                Air            2%         2d(1-17)  65%         4


Dungeon Overview and Level Annotations

Branches:
Dungeon (2/15)

Altars:
Jiyva

Annotations:
D:2 Natasha


Innate Abilities, Weirdness & Mutations

Your mind is acute. (Int +4, Str/Dex -1)
You are strong-willed. (Will+)
You occasionally lose the ability to drink potions when taking damage.
You occasionally lose the ability to read scrolls when taking damage.


Message History

Your body shudders with the violent release of wild energies!
The magical storm engulfs you!
You occasionally lose the ability to read scrolls when taking damage.
A rat comes into view.
You hear a shout!
Casting: Call Canine Familiar (quite dangerous; 3% risk of failure)
Confirm with . or Enter, or press ? or * to list all spells.
The spell is quite dangerous to miscast (3% risk of failure)!
Continue anyway?
Your hound bites the rat.
The rat dies!
You swap places.
Your body shudders with the violent release of wild energies!
You occasionally lose the ability to drink potions when taking damage.
You feel less contaminated with magical energies.
You open the door.
There is an open door here.
You open the door.
There is an open door here.
Found a stone staircase leading down.
You swap places.
There is a stone staircase leading down here.
Natasha, Servant of Life and Death comes into view.
She is carrying a wand of flame (16).
A hobgoblin comes into view.
Natasha hisses angrily.
You swap places.
Your hound closely misses Natasha.
Your hound closely misses Natasha.
Natasha stares at you and mumbles some strange words.
The magic dart hits you.
Your hound barely misses Natasha.
Natasha claws you.
Your hound barely misses Natasha.
You hit Natasha.
Natasha is heavily wounded.
The hobgoblin shouts!
Your hound bites Natasha.
Natasha claws you.
Your hound barely misses Natasha.
You closely miss Natasha.
Natasha is severely wounded.
Natasha zaps a wand.
The puff of flame hits you!
You feel threatened and lose the ability to read scrolls!
You feel threatened and lose the ability to drink potions!
You die...

#...#≈#.#
#.###.'.# .# #.#
#.#### g#
#.###.###.# #.
..# #.........#
#. .. #####..####
.###. #
#..########...#.#
#..........hh...#
#.######## #@#
#.# #.#
#>##########.#
#............#
##############


You could see Natasha (ally target), a hobgoblin and a friendly hound
(summoned).

Vanquished Creatures
  A bat (D:1)
  A goblin (D:1)
  A hobgoblin (D:1)
  3 jackals (D:1)
  A quokka (D:1)
7 creatures vanquished.

Vanquished Creatures (collateral kills)
  A dart slug (D:1)
  3 bats (D:1)
  2 giant cockroaches (D:1)
  3 goblins (D:1)
  4 hobgoblins (D:1)
  6 jackals (D:1)
  2 kobolds (D:1)
  A quokka (D:1)
  A frilled lizard (D:1)
  4 rats
27 creatures vanquished.

Grand Total: 34 creatures vanquished

Notes
Turn   | Place    | Note
-------+----------+-------------------------------------------
     0 | D:1      | Heoruswealwe the Deep Elf Summoner began the quest for the
                  | Orb.
     0 | D:1      | Reached XP level 1. HP: 10/10 MP: 6/6
   125 | D:1      | Reached XP level 2. HP: 15/15 MP: 4/8
   314 | D:1      | Found a faded altar of an unknown god.
   314 | D:1      | Noticed a great orb of eyes
   328 | D:1      | Noticed a great orb of eyes
   328 | D:1      | Noticed a golden eye
   328 | D:1      | Noticed a golden eye
   351 | D:1      | Prayed at the altar of an unknown god.
   351 | D:1      | Became a worshipper of Jiyva Jumeakuo the Shapeless
   351 | D:1      | Reached * piety under Jiyva
   394 | D:1      | Fell from the grace of Jiyva
   426 | D:1      | Reached skill level 5 in Summonings
   426 | D:1      | Reached XP level 3. HP: 19/19 MP: 7/10
   492 | D:1      | Learned a level 3 spell: Call Canine Familiar
   664 | D:1      | Gained mutation: Your mind is acute. (Int +4, Str/Dex -1)
                  | [potion of mutation]
   664 | D:1      | Gained mutation: Your mind is very acute. (Int +8, Str/Dex
                  | -2) [potion of mutation]
   664 | D:1      | Lost mutation: Your mind is very acute. (Int +8, Str/Dex
                  | -2) [potion of mutation]
   664 | D:1      | Gained mutation: You are strong-willed. (Will+) [potion of
                  | mutation]
   674 | D:2      | Gained mutation: You occasionally lose the ability to read
                  | scrolls when taking damage. [mutagenic glow]
   693 | D:2      | Gained mutation: You occasionally lose the ability to drink
                  | potions when taking damage. [mutagenic glow]
   747 | D:2      | Noticed Natasha
   754 | D:2      | Killed from afar by Natasha

Illustrated notes

Levels and vault maps discovered:
D:1:      amcnicky_arrival_single_pillar, layout_rooms,
          hellmonk_ecumenical_altar_watching_god, minmay_tiny_reverse_x
D:2:      minmay_diamond_boxcup, layout_loops_ring, corexii_corridor_pit,
          grunt_decor_cap, hex_large, uniq_crazy_yiuf_cottage, uniq_natasha

Skill      XL: |  1  2 |
---------------+-------+-----
Spellcasting   | 4 |  4.3
Summonings     | 5 |  5.1
Dodging        | |  2.4
Stealth        | |  2.4

Action                   || total
-------------------------++-------
Melee: Mace              ||    21
 Cast: Summon Small Mamm ||    21
       Call Canine Famil ||     2
Invok: Renounce Religion ||     1
  Use: Scroll            ||     2
       Potion            ||     2
Armor: Robe              ||     6
Dodge: Dodged            ||    24
